 Dungeon Crawl Stone Soup version 0.25-a0-1130-g3926558f3a (webtiles) character file.

Game seed: 14126971754713388512, levelgen mode: deterministic

2 vurker the Charlatan (level 1, -1/15 HPs)
             Began as a Human Artificer on May 19, 2020.
             Slain by a kobold
             ... wielding a +0 whip
              (4 damage)
             ... on level 1 of the Dungeon.
             The game lasted 00:00:16 (69 turns).

vurker the Charlatan (Human Artificer)                Turns: 69, Time: 00:00:17

Health: -1/15      AC:  3    Str: 12    XL:     1   Next: 44%
Magic:  3/3        EV: 12    Int: 11    God:
Gold:   8          SH:  0    Dex: 13    Spells: 0/0 levels left

rFire    . . .     SeeInvis .   a - +0 short sword
rCold    . . .     Gourm    .   (no shield)
rNeg     . . .     Faith    .   b - +0 leather armour
rPois    .         Spirit   .   (no helmet)
rElec    .         Reflect  .   (no cloak)
rCorr    .         Harm     .   (no gloves)
MR       .....                  (no boots)
Stlth    +.........             (no amulet)
HPRegen  0.05/turn              (no ring)
MPRegen  0.08/turn              (no ring)

@: no status effects
A: no striking features
a: no special abilities


You were on level 1 of the Dungeon.
You were not hungry.

You visited 1 branch of the dungeon, and saw 1 of its levels.

You collected 8 gold pieces.

Inventory:

Hand Weapons
 a - a +0 short sword (weapon)
Armour
 b - a +0 leather armour (worn)
Wands
 d - a wand of enslavement (15)
 f - a wand of random effects (13)
 t - a wand of flame (15)
Potions
 g - a potion of flight {unknown}
Comestibles
 c - a chunk of flesh
 e - a ration


   Skills:
 + Level 1.1 Fighting
 - Level 1.0 Short Blades
 + Level 0.2 Armour
 - Level 2.0 Dodging
 - Level 1.0 Stealth
 + Level 3.0 Evocations


You couldn't memorise any spells.
You didn't know any spells.
Your spell library was empty.

Dungeon Overview and Level Annotations

Branches:
Dungeon (1/15)

Altars:


Message History

c - a chunk of flesh You see here a bat skeleton. x2
You now have 8 gold pieces (gained 4).
Found a glowing pink potion.
g - a glowing pink potion
Found a stone staircase leading down.
A giant cockroach and a kobold come into view.
The kobold shouts!
The kobold throws a stone.
The stone barely misses you.
You see here a stone.
There are monsters nearby!
There are monsters nearby!
Found a scroll labeled BACSYRAPLY.
A kobold comes into view. It is wielding a +3 whip.
The kobold shouts!
The kobold hits you but does no damage.
There is a stone staircase leading down here.
You barely miss the kobold. The kobold closely misses you.
You hit the kobold.
You kill the kobold!
The kobold throws a stone.
The stone hits you. The giant cockroach bites you.
The kobold throws a stone.
The stone closely misses you. The giant cockroach closely misses you.
Things that are here:
a stone; a +3 whip You closely miss the giant cockroach.
The giant cockroach bites you.
You hit the giant cockroach. The giant cockroach closely misses you.
You hit the giant cockroach but do no damage.
The giant cockroach misses you.
You hit the giant cockroach.
You kill the giant cockroach!
There is a stone staircase leading down, spattered with blood here.
You see here a stone.
You closely miss the kobold. The kobold barely misses you.
You hit the kobold but do no damage. The kobold barely misses you.
You barely miss the kobold. The kobold barely misses you.
You hit the kobold but do no damage. The kobold hits you with a +0 whip.
You closely miss the kobold. The kobold misses you.
You barely miss the kobold. The kobold hits you with a +0 whip.
* * * LOW HITPOINT WARNING * * *
You hit the kobold. The kobold hits you with a +0 whip.
* * * LOW HITPOINT WARNING * * *
You closely miss the kobold. The kobold barely misses you.
You hit the kobold but do no damage. The kobold hits you with a +0 whip.
* * * LOW HITPOINT WARNING * * *
Aim: a kobold, wielding a +0 whip (moderately wounded)
The kobold seems to speed up.
The kobold closely misses you.
Aim: a kobold, wielding a +0 whip (moderately wounded, fast)
The kobold twists and deforms.
The kobold hits you with a +0 whip.
You die...

# .. #.##### #.#...#####
.. #.#...?.... .#
#..†.....# ..#
#..(....##. #..
##.@....... . #
##K##..############
#.###.....# #.........
#......#.####.........
##..#...#.##..........÷
#....(..#.##.#.........
#...#...#.##.#.........
#...#.#.#.##.#.........
#......#.#....+....(....


You could see a kobold (fast, misshapen).

Vanquished Creatures
  A giant cockroach (D:1)
  A bat (D:1)
  A kobold (D:1)
3 creatures vanquished.

Notes
Turn   | Place    | Note
-------+----------+-------------------------------------------
     0 | D:1      | vurker the Human Artificer began the quest for the Orb.
     0 | D:1      | Reached XP level 1. HP: 15/15 MP: 3/3
    69 | D:1      | Slain by a kobold

Illustrated notes

Levels and vault maps discovered:
D:1:      minmay_arrival_solitary_statue, layout_basic

Action                   || total
-------------------------++-------
Melee: Short sword       ||    19
Evoke: Wand              ||     2
Armor: Leather armour    ||     6
Dodge: Dodged            ||    18

Table legend:
 A = Non-vault XP
 B = Vault XP
 C = Vault XP percentage of total XP
 D = Non-vault monster count
 E = Vault monster count
 F = Vault count percentage of total count
                 A         B        C        D         E       F
            +---------+---------+-------+---------+---------+-------
      Total |       4 |       0 |   0.0 |       3 |       0 |   0.0
            +---------+---------+-------+---------+---------+-------
        D:1 |       4 |       0 |   0.0 |       3 |       0 |   0.0
            +---------+---------+-------+---------+---------+-------
